Map: Frozen Temple

Players

MaximusDecM - Winner!

  • Race: Terran Terran
  • League: Platinum
  • Spawn Location: 11:00

Fropez

  • Race: Protoss Protoss
  • League: Gold
  • Spawn Location: 5:00

VOD

Have the link to the VOD?

Description

Time

  • Played on: Nov. 18, 2016, 5:27 p.m.
  • Length: 8:35
Show
View Real Time Build Order
Export as new Build Order

MaximusDecM Terran - Winner!

Build Orders:  

Get SALT Encoding   

  12  0:01  SCV  
  13  0:14  SCV  
  14  0:21  Supply Depot  
  14  0:26  SCV  
  15  0:43  SCV  
  15  0:45  Barracks  
  16  0:55  SCV  
  17  0:59  Refinery  
  17  1:04  Barracks  
  17  1:07  SCV  
  18  1:12  Refinery  
  18  1:19  SCV  
  19  1:25  Supply Depot  
  19  1:31  SCV  
  20  1:45  Orbital Command  
  20  1:49  Barracks Reactor  
  20  1:58  Barracks Tech Lab  
  20  2:14  Factory  
  20  2:18  Marine  
  20  2:22  SCV  
  22  2:26  Marine  
  22  2:27  Marine  
  24  2:34  SCV  
  25  2:37  Engineering Bay  
  25  2:49  Marauder  
  25  2:50  Marine x2  
  29  2:54  SCV  
  30  2:59  Starport  
  30  3:00  Factory Reactor  
  30  3:11  Supply Depot  
  30  3:16  Terran Infantry Weapons Level 1  
  30  3:23  SCV, Marauder  
  33  3:27  Marine  
  33  3:28  Marine  
  35  3:35  SCV  
  36  3:46  Medivac x2  
  36  3:47  Factory Tech Lab  
  40  3:49  Marine  
  40  3:54  Marauder  
  43  4:00  Supply Depot  
  43  4:05  Marine  
  43  4:06  Marine  
  45  4:16  Marauder  
  47  4:24  Marine x2  
  47  4:30  Siege Tank  
  52  4:50  Command Center  
  52  4:57  Marine  
  52  4:58  Marine  
  54  5:21  Marine  
  55  5:56  Marine  
  55  6:01  Marine x2  
  55  6:02  Siege Tank  
  60  6:14  Marine  
  55  6:19  Marine x2  
  54  6:31  Marine  
  55  6:37  Marine x2  
  57  6:49  Marine  
  58  6:55  Marine x2  
  60  7:07  Marine  
  61  7:13  Marine x2, Barracks  
  63  7:17  Command Center  
  63  7:25  Marine  
  64  7:31  Marine x2  
  66  7:40  Siege Tank  
  66  7:43  Marine  
  70  7:55  Marine x2, SCV x2  
  74  8:00  Marine, Barracks  
  74  8:02  Supply Depot  
  75  8:07  SCV x2  
  75  8:10  Armory  
  77  8:13  Marine  
  78  8:25  Supply Depot  
Show
View Real Time Build Order
Export as new Build Order

Fropez Protoss 

Build Orders: 1 Gate Expand 

Get SALT Encoding   

  12  0:01  Probe (Chrono Boost)  
  13  0:12  Probe (Chrono Boost)  
  14  0:18  Pylon  
  14  0:22  Probe (Chrono Boost)  
  15  0:30  Assimilator  
  15  0:36  Probe (Chrono Boost)  
  16  0:46  Probe (Chrono Boost)  
  16  0:48  Gateway  
  17  0:52  Gateway  
  17  0:57  Probe (Chrono Boost)  
  17  1:02  Assimilator  
  18  1:08  Probe (Chrono Boost)  
  19  1:18  Probe (Chrono Boost)  
  20  1:29  Probe (Chrono Boost)  
  21  1:44  Nexus  
  21  1:55  Cybernetics Core  
  21  1:57  Probe (Chrono Boost)  
  22  2:06  Pylon  
  22  2:08  Probe (Chrono Boost)  
  23  2:25  Gateway  
  24  2:30  Gateway  
  24  2:34  Warp Gate (Chrono Boost), Mothership Core (Chrono Boost)  
  25  2:41  Adept  
  26  2:52  Probe (Chrono Boost)  
  27  3:03  Probe  
  27  3:04  Pylon  
  28  3:07  Probe  
  29  3:13  Adept  
  29  3:15  Probe  
  29  3:18  Adept  
  36  3:31  Probe  
  36  3:32  Probe  
  36  3:40  Pylon  
  36  3:41  Probe  
  36  3:44  Probe  
  36  3:47  Assimilator  
  38  3:52  Probe  
  39  3:56  Probe  
  39  3:59  Pylon  
  42  4:08  Probe  
  42  4:09  Probe  
  42  4:25  Gateway  
  42  4:28  Probe  
  42  4:29  Probe  
  44  4:32  Pylon  
  44  4:37  Stalker x2  
  44  4:38  Stalker  
  50  4:48  Probe x2  
  50  4:49  Assimilator, Robotics Facility  
  52  5:07  Probe  
  52  5:08  Probe  
  46  5:15  Adept x3  
  50  5:37  Stalker x3  
  31  6:08  Adept x4  
  33  6:23  Probe  
  31  6:28  Probe  
  29  6:53  Probe x2  
  29  6:54  Twilight Council  
  29  7:03  Probe  
  30  7:18  Adept x3  
  30  7:21  Probe  
  37  7:24  Probe  
  38  7:42  Probe  
  38  7:43  Probe  
  40  8:09  Adept x4  
  40  8:11  Probe  
  40  8:12  Probe  
Tags
 
Add a new tag
Caveats
  • Supply blocks, unpowered buildings, or Contaminate may cause inaccurate times.
  • Supply counts are checked every 10 seconds.